 Dungeon Crawl Stone Soup version 0.31.0-11-ge490571c62 (webtiles) character file.

Game seed: 1652759599417747845

8 browni3141 the Conjurer (level 2, 0/19 HPs)
             Began as a Demonspawn Conjurer on Jan 30, 2024.
             Slain by a jackal (1 damage)
             ... on level 1 of the Dungeon.
             The game lasted 00:00:25 (294 turns).

browni3141 the Conjurer (Demonspawn Conjurer)        Turns: 294, Time: 00:00:25

Health: 0/19       AC:  2    Str:  7    XL:     2   Next: 0%
Magic:  4/5        EV: 12    Int: 18    God:
Gold:   15         SH:  0    Dex: 11    Spells: 4/5 levels left

rFire   . . .        (no weapon)
rCold   . . .        (no shield)
rNeg    . . .        a - +0 robe
rPois   .            (no helmet)
rElec   .            (no cloak)
rCorr   .            (no gloves)
SInv    .            (no boots)
Will    .....        (no amulet)
Stlth   ++           (no ring)
HPRegen 0.23/turn    (no ring)
MPRegen 0.09/turn

%: no passive effects
@: no status effects
A: ignite blood 1
a: no special abilities


You were on level 1 of the Dungeon.
You visited 1 branch of the dungeon, and saw 1 of its levels.

You collected 15 gold pieces.

Inventory:

Armour
 a - a +0 robe (worn)
Jewellery
 c - a +6 ring of strength
Potions
 b - a potion of magic


   Skills:
 + Level 2.0 Dodging
 + Level 2.0 Stealth
 + Level 2.1 Spellcasting
 + Level 4.1 Conjurations


You had 4 spell levels left.
You knew the following spells:

 Your Spells              Type           Power      Damage    Failure   Level
a - Magic Dart            Conj           64%        1d6       3%          1

Your spell library contained the following spells:

 Spells                   Type           Power      Damage    Failure   Level
 Searing Ray              Conj           32%        2d5       4%          2
 Fulminant Prism          Conj/Alch      4%         3d5       58%         4
 Iskenderun's Mystic Bla  Conj/Tloc      9%         2d4       58%         4


Dungeon Overview and Level Annotations

Branches:
Dungeon (1/15)

Altars:

Shops:
D:1 *


Innate Abilities, Weirdness & Mutations

Your demonic aura sometimes causes spilled blood to erupt in flames.


Message History

Found a stone staircase leading down.
There is a stone staircase leading down here.
You see here an orb of mayhem.
You now have 15 gold pieces.
Found Alisan's Assorted Antiques.
There is an entrance to Alisan's Assorted Antiques here.
A giant cockroach comes into view.
The giant cockroach moves out of view.
The magic dart hits the giant cockroach but does no damage.
The magic dart hits the giant cockroach.
The giant cockroach is moderately wounded.
The giant cockroach bites you.
The magic dart hits the giant cockroach.
You kill the giant cockroach!
HP restored.
You see here a giant cockroach corpse.
A bat comes into view.
The bat closely misses you.
A bat is nearby!
The magic dart hits the bat.
You kill the bat!
You can't see any susceptible monsters within range! (Use Z to cast anyway.)
A jackal comes into view.
The magic dart hits the jackal.
The jackal is severely wounded.
The jackal barks!
You hear a shout!
The magic dart hits the jackal.
The jackal is almost dead.
The magic dart hits the jackal.
You kill the jackal!
A hobgoblin comes into view. It is wielding a +0 rapier.
A hobgoblin is nearby!
You are out of magic!
You are out of magic!
You are out of magic!
A hobgoblin is nearby!
You are out of magic!
You are out of magic!
A hobgoblin is nearby!
A hobgoblin is nearby!
The magic dart hits the hobgoblin but does no damage.
You are out of magic!
You are out of magic!
Press: ? - help, v - describe, . - travel
Here: a hobgoblin, wielding a +0 rapier The floor.
The magic dart hits the hobgoblin.
The hobgoblin is heavily wounded.
The magic dart hits the hobgoblin.
You kill the hobgoblin!
A rat comes into view.
A rat is nearby!
A rat is nearby!
A rat is nearby!
The magic dart hits the rat.
The rat is moderately wounded.
The magic dart hits the rat.
You kill the rat!
Your Stealth skill increases to level 2!
You can't see any susceptible monsters within range! (Use Z to cast anyway.)
A jackal comes into view.
The jackal barks!
You hear a bark!
A jackal comes into view.
You see here a rat corpse.
There are monsters nearby!
There are monsters nearby!
The magic dart hits the jackal.
You kill the jackal!
The jackal barks!
You hear a bark!
You hear a shout!
A jackal comes into view. x2
Your Dodging skill increases to level 2!
You have reached level 2!
Your demonic ancestry asserts itself...
Your blood heats up.
A frilled lizard comes into view.
The jackal bites you. The jackal completely misses you.
The jackal closely misses you. x2
The jackal bites you but does no damage.
The jackal barely misses you.
A kobold comes into view. It is wielding a +0 whip.
The jackal bites you. The jackal closely misses you. The jackal bites you.
The jackal bites you. The jackal barely misses you.
The jackal closely misses you. The jackal misses you. The jackal bites you.
The jackal closely misses you. The jackal completely misses you.
The jackal bites you but does no damage.
The jackal bites you. x2
The jackal bites you. The jackal closely misses you. The jackal bites you.
The jackal barely misses you. The jackal barely misses you.
The jackal closely misses you. The jackal closely misses you.
The jackal misses you. The jackal barely misses you. x2
The jackal bites you but does no damage.
The jackal bites you. The jackal barely misses you. The jackal bites you.
The jackal misses you. The jackal bites you. The jackal closely misses you.
The jackal bites you. The jackal bites you.
You die...

######....#
#.........#
........##
.......)#
#####...##
#......)#
#.##...[#
#.##....#
#@##...>#
....Khhh##....#
####.########.#
.† #.# ######
.$. #.# #....#
.. #.# #.#..##
. #.# #.#.###
#.# #...##8 #.#
#...+..


You could see 3 jackals and a kobold.

Vanquished Creatures
  A bat (D:1)
  A giant cockroach (D:1)
  A hobgoblin (D:1)
  2 jackals (D:1)
  2 rats (D:1)
7 creatures vanquished.

Notes
Turn   | Place    | Note
-------+----------+-------------------------------------------
     0 | D:1      | browni3141 the Demonspawn Conjurer began the quest for the
                  | Orb.
     0 | D:1      | Reached XP level 1. HP: 13/13 MP: 3/3
    91 | D:1      | Found Alisan's Assorted Antiques.
   276 | D:1      | Gained mutation: Your demonic aura sometimes causes spilled
                  | blood to erupt in flames. [demonic ancestry]
   276 | D:1      | Reached XP level 2. HP: 19/19 MP: 3/5
   294 | D:1      | Slain by a jackal

Illustrated notes

Levels and vault maps discovered:
D:1:      spicycebolla_arrival_ecumenical, layout_basic, serial_shops,
          nicolae_lakefront_shop

Skill      XL: |  1 |
---------------+----+-----
Stealth        | 2 |  2.0
Dodging        | 2 |  2.0
Spellcasting   | |  2.1
Conjurations   | |  4.1

Action                     || total
---------------------------++-------
   Cast: Magic Dart        ||    15
 Armour: Robe              ||    18
  Dodge: Dodged            ||    22
